 Dungeon Crawl Stone Soup version 0.28.0-45-g0d030f2227 (webtiles) character file.

Game seed: 2373560581343463454

147 Naeght the Poker (level 5, -2/41 HPs)
             Began as a Merfolk Gladiator on Apr 21, 2022.
             Killed from afar by an orc wizard (7 damage)
             ... with a magic dart
             ... on level 3 of the Dungeon.
             The game lasted 00:02:43 (2531 turns).

Naeght the Poker (Merfolk Gladiator)                Turns: 2531, Time: 00:02:44

Health: -2/41      AC:  4    Str: 16    XL:     5   Next: 29%
Magic:  5/5        EV: 14    Int:  8    God:
Gold:   124        SH:  0    Dex: 15    Spells: 4/4 levels left

rFire   + . .      SeeInvis .   a - +0 trident
rCold   . . .      Faith    .   (no shield)
rNeg    . . .      Spirit   .   i - +1 robe of Ogetwaut {Fly rF+}
rPois   .          Reflect  .   c - +0 helmet
rElec   .          Harm     .   (no cloak)
rCorr   .          Rampage  .   (no gloves)
Will    .....                   (no boots)
Stlth   +.........              (no amulet)
HPRegen 0.13/turn               (no ring)
MPRegen 0.09/turn               (no ring)

@: flying
A: (nimble swimmer 2), mertail
a: no special abilities


You were on level 3 of the Dungeon.
You visited 1 branch of the dungeon, and saw 3 of its levels.

You collected 124 gold pieces.

Inventory:

Hand Weapons
 a - a +0 trident (weapon)
Missiles
 d - 3 throwing nets (quivered)
Armour
 c - a +0 helmet (worn)
 i - the +1 robe of Ogetwaut (worn) {Fly rF+}
   (You found it on level 2 of the Dungeon)

   rF:        It protects you from fire.
   Fly:       It grants you flight.
Wands
 k - a wand of acid (5)
 m - a wand of mindburst (16)
Scrolls
 b - 7 scrolls of teleportation {unknown}
 j - a scroll of enchant weapon {unknown}
 n - a scroll of magic mapping {unknown}
 o - a scroll of identify {unknown}
Potions
 e - a potion of lignification {unknown}
 f - a potion of flight {unknown}
 g - 2 potions of heal wounds {unknown}
 h - a potion of mutation {unknown}
 l - a potion of haste {unknown}


   Skills:
 + Level 3.3 Fighting
 * Level 6.8 Polearms
 - Level 2.0 Throwing
 + Level 5.0 Dodging


You had 4 spell levels left.
You didn't know any spells.
Your spell library was empty.

Dungeon Overview and Level Annotations

Branches:
Dungeon (3/15)

Altars:

Shops:
D:3 (


Innate Abilities, Weirdness & Mutations

((You are very nimble when in or above water. (Stealth+, EV+, Speed+++)))
Your lower body shifts to a powerful aquatic tail in water.


Message History

You miss something. Something hits you but does no damage.
You barely miss something. Something barely misses you.
You miss something. Something hits you but does no damage.
You miss something. Something hits you but does no damage.
You miss something. Something hits you.
You closely miss something. Something hits you.
You hit something. Something hits you.
You hit something. Something hits you.
You closely miss something. Something hits you.
You barely miss something. Something hits you but does no damage.
You miss something.
You hear some strange, mumbled words.
A puff of flame appears from out of thin air!
The puff of flame hits you but does no damage.
You resist.
You closely miss something.
You hear some strange, mumbled words.
A puff of flame appears from out of thin air!
The puff of flame hits you. You resist.
You hit something but do no damage.
You hear some strange, mumbled words.
A magic dart appears from out of thin air!
The magic dart hits you.
You miss something.
You hear some strange, mumbled words.
A puff of flame appears from out of thin air!
The puff of flame hits you. You resist.
* * * LOW HITPOINT WARNING * * *
You closely miss something.
You hear some strange, mumbled words.
A magic dart appears from out of thin air!
The magic dart hits you.
* * * LOW HITPOINT WARNING * * *
You closely miss something. Your punch misses something.
Something completely misses you.
You hit something but do no damage.
You hear some strange, mumbled words.
A magic dart appears from out of thin air!
The magic dart hits you!
You die...

#.#)# #.#.# #.#.#
###.# ....# #)#
#.#.# . #.#####
....# .. ##...†##
#.###
...#####†.## ###
8....###...##.#
#....).###.##.#
#8...).{@.##.#
#......######.#
8....###.# #.#
...# #.# #.# ..
### #.# #.# .
##.###.####.#
#...........#####
#..###..........#
#.## ##########.#


There were no monsters in sight!

Vanquished Creatures
  An orc priest (D:3)
  A howler monkey zombie (D:3)
  2 adders (D:3)
  4 worms (D:2)
  2 dart slugs
  9 orcs
  8 endoplasms
  4 giant cockroaches
  4 hobgoblins
  11 kobolds
  A quokka (D:1)
  4 ball pythons
  5 bats
  A frilled lizard (D:1)
  8 rats
65 creatures vanquished.

Notes
Turn   | Place    | Note
-------+----------+-------------------------------------------
     0 | D:1      | Naeght the Merfolk Gladiator began the quest for the Orb.
     0 | D:1      | Reached XP level 1. HP: 16/16 MP: 1/1
   100 | D:1      | Reached XP level 2. HP: 22/22 MP: 2/2
   126 | D:1      | Reached skill level 5 in Polearms
   326 | D:1      | Reached XP level 3. HP: 26/28 MP: 3/3
   487 | D:1      | Found a faded altar of an unknown god.
   842 | D:2      | Identified the +1 robe of Ogetwaut {Fly rF+}
  1521 | D:2      | Reached XP level 4. HP: 34/34 MP: 4/4
  1523 | D:2      | Reached skill level 6 in Polearms
  2197 | D:3      | Found Rinu's Weapon Boutique.
  2503 | D:3      | Reached XP level 5. HP: 41/41 MP: 5/5
  2509 | D:3      | Reached skill level 5 in Dodging
  2531 | D:3      | Killed from afar by an orc wizard

Illustrated notes

Levels and vault maps discovered:
D:1:      matt_arrival_refuge, layout_basic, basic_ecumenical_altar,
          hangedman_abyss_or_decor_lesser_grid, minmay_misc_feat_rugged,
          amethyst_killhole
D:2:      layout_basic, minmay_tripent
D:3:      layout_loops_ring, minmay_overflow_temple_star_quad, serial_shops,
          nicolae_shop_statue_plus

Skill      XL: |  1  2  3  4  5 |
---------------+----------------+-----
Polearms       | 5 6 |  6.8
Fighting       | 3 |  3.3
Dodging        | 5 |  5.0
Throwing       | |  2.0

Action                   |  1- 3 |  4- 6 || total
-------------------------+-------+-------++-------
Melee: Trident           |   102 |    90 ||   192
 Stab: Sleeping          |       |     3 ||     3
Armor: Leather armour    |    12 |       ||    12
       Robe              |     3 |    15 ||    18
Dodge: Dodged            |    34 |    50 ||    84
